 Dungeon Crawl Stone Soup version 0.31-a0-1163-gcee99d1eea (webtiles) character file.

Game seed: 4731440416088848490

3912 Zonian the Ducker (level 9, -4/79 HPs)
             Began as a Demigod Shapeshifter on Dec 9, 2023.
             Slain by a wolf (7 damage)
             ... led by Grum
             ... on level 8 of the Dungeon.
             The game lasted 00:25:55 (11548 turns).

Zonian the Ducker (Demigod Shapeshifter)           Turns: 11548, Time: 00:25:56

Health: -4/79      AC:  6    Str: 27    XL:     9   Next: 69%
Magic:  11/11      EV: 15    Int: 12    God:
Gold:   556        SH:  0    Dex: 13    Spells: 8/8 levels left

rFire   + + +        g - +7 lajatang of the Smoking Fox {distort, Drain rF++ rN+, staff}
rCold   . . .        (shield currently unavailable)
rNeg    + . .        j - +0 leather armour
rPois   .            J - +0 helmet
rElec   .            r - scarf {shadows}
rCorr   .            (no gloves)
SInv    .            H - +1 pair of boots
Will    .....        (no amulet)
Stlth   +            n - ring of protection from fire
HPRegen 0.33/turn    (no ring)
MPRegen 0.12/turn

%: no passive effects
@: no status effects
A: high MP 1, forlorn, divine attributes
a: no special abilities


You were on level 8 of the Dungeon.
You visited 2 branches of the dungeon, and saw 9 of its levels.

You collected 556 gold pieces.


Innate Abilities, Weirdness & Mutations

You have an increased reservoir of magic. (+10% MP)
You shall have no god before yourself.
Your divine heritage dramatically boosts your attributes as you level up.


   Skills:
 + Level 7.6 Fighting
 + Level 7.0 Staves
 + Level 7.7 Dodging
 - Level 3.4 Unarmed Combat
 - Level 3.3 Shapeshifting


You had 8 spell levels left.
You didn't know any spells.
Your spell library contained the following spells:

 Spells                   Type           Power      Damage    Failure   Level
 Sandblast                Erth           0%         2d4       36%         1
 Ensorcelled Hibernation  Hex/Ice        0%         N/A       50%         2
 Jinxbite                 Hex            0%         N/A       50%         2
 Passwall                 Tmut/Erth      0%         N/A       50%         2
 Ignite Poison            Fire/Tmut/Pois 0%         N/A       73%         3
 Stone Arrow              Conj/Erth      0%         3d7       73%         3
 Swiftness                Air            0%         N/A       73%         3
 Anguish                  Hex/Necr       0%         N/A       98%         4
 Brom's Barrelling Bould  Conj/Erth      0%         2d3       98%         4
 Sticky Flame             Conj/Fire      0%         2d3       98%         4
 Summon Forest            Summ/Tloc      0%         N/A       100%        5
 Eringya's Noxious Bog    Tmut/Pois      0%         4d6       100%        6
 Summon Hydra             Summ           0%         N/A       100%        7
 Ignition                 Fire           0%         3d3       100%        8

Inventory:

Hand Weapons
 f - a +0 dagger {short}
   (You took it off a goblin on level 1 of the Dungeon)
 g - the +7 lajatang of the Smoking Fox (weapon) {distort, Drain rF++ rN+, staff}
   (You acquired it on level 3 of the Dungeon)

   rF++:      It greatly protects you from fire.
   rN+:       It protects you from negative energy.
   Drain:     It drains your maximum health when unequipped.
 i - a +0 whip {mace}
   (You took it off a kobold on level 1 of the Dungeon)
 l - a +1 heavy sling
   (You found it on level 2 of the Dungeon)
 w - a +1 demon blade of venom {long}
   (You found it on level 4 of the Dungeon)
Armour
 a - a +1 animal skin
 j - a +0 leather armour (worn)
   (You found it on level 3 of the Dungeon)
 r - a scarf of shadows (worn)
   (You found it on level 2 of the Dungeon)
 H - a +1 pair of boots (worn)
   (You found it on level 6 of the Dungeon)
 J - a +0 helmet (worn)
   (You found it on level 6 of the Dungeon)
Jewellery
 e - a ring of magical power
   (You found it on level 1 of the Dungeon)
 n - a ring of protection from fire (left hand)
   (You found it on level 4 of the Dungeon)
 o - a ring of wizardry
   (You found it on level 2 of the Dungeon)
 C - an amulet of magic regeneration {@e2}
   (You found it on level 5 of the Dungeon)
 F - a ring of protection from fire
   (You found it on level 6 of the Dungeon)
Talismans
 c - a beast talisman
 d - a flux talisman
 v - a maw talisman
   (You found it on level 3 of the Dungeon)
Wands
 k - a wand of polymorph (26)
   (You took it off a gnoll on level 7 of the Dungeon)
 y - a wand of charming (5)
   (You found it on level 5 of the Dungeon)
 E - a wand of iceblast (7)
   (You found it on level 6 of the Dungeon)
Scrolls
 b - a scroll of fog
 B - 2 scrolls of torment {!r}
 G - 3 scrolls of brand weapon
 K - a scroll of enchant armour
Potions
 h - 3 potions of magic
 m - 2 potions of enlightenment
 q - 3 potions of brilliance
 s - a potion of mutation {!q}
 u - 4 potions of attraction {!q}
 x - 2 potions of might
 D - a potion of resistance {unknown}

Dungeon Overview and Level Annotations

Branches:
Dungeon (8/15) Zot: 26469  Temple (1/1) D:5 Zot: 5998
   Lair: D:8-11

Shops:
D:4 (

Annotations:
D:3 4 runed translucent doors, Crazy Yiuf; Splishie's ghost, weakling GnSh
D:8 Grum
Abyss:1 Pikel

##...##.###....#....#
##...................######.
##...........................
.............................
..............#†#............
......<.......#.#............
..............#..............
..........#.#........5.......
..........#.#@#...####.......
............#h#...####.....#.
............g.#............#.
......#.#.....##.............
.............# .............
.....#..>....# #.....<...#..
.......#....................
.....#.#..................##
.....#....................#


You could see Grum and a wolf.


Message History

Your +0 leather armour unmelds from your body.
It gets dark. 😨 HP[-11]
You now have 79 max hp (-39).
You start resting. 😎 HP[+44]
Your hp is fully restored (79).
You start waiting.
Done waiting.
You see here a +2 halberd of freezing {polearm}.
There is a stone staircase leading down here.
Unknown command.
You climb downwards.
Level annotation: Grum The lemure shouts!
There is a stone staircase leading up here.
Unknown command.
A lemure comes into view.
The lemure shouts!
Pikel misses you.
You climb upwards.
There is a stone staircase leading down here.
You slice Pikel!!
Pikel blinks!
You slash Pikel!
Pikel is devoured by a tear in reality.
Your Staves skill increases to level 7!
No target in view!
Unknown command.
You start waiting.
Done waiting.
There is a stone staircase leading down here.
You climb downwards.
Level annotation: Grum
There is a stone staircase leading up here.
Unknown command.
Found a stone staircase leading down.
You now have 549 gold pieces (gained 19).
You see here 7 gold pieces.
You now have 556 gold pieces (gained 7).
Grum is nearby!
Grum is nearby!
Unknown command.
The wolf howls!
You hear a howl!
Grum hits you with a +0 spear! 😕 HP[-9]
You take 9 damage, and now have 70/79 hp.
You closely miss Grum. Grum completely misses you.
You closely miss Grum. The wolf bites you. Grum completely misses you. 😕 HP[-4]
You take 4 damage, and now have 66/79 hp.
You hit Grum.
Space warps around Grum.
The wolf bites you. Grum misses you. The wolf bites you. 😮 HP[-8]
You take 8 damage, and now have 58/79 hp.
Grum closely misses you. The wolf bites you. 😮 HP[-1]
You take 1 damage, and now have 57/79 hp.
You completely miss the wolf. The wolf barely misses you.
Grum hits you from afar with a +0 spear!
The wolf completely misses you. 😮 HP[-6]
You take 6 damage, and now have 51/79 hp.
You slash the wolf!
Space warps around the wolf.
Grum hits you from afar with a +0 spear!
* * * LOW HITPOINT WARNING * * *
The wolf closely misses you. 😨 HP[-15]
You take 15 damage, and now have 36/79 hp.
Unknown command.
You miss the wolf. The wolf misses you.
Grum hits you from afar with a +0 spear!
* * * LOW HITPOINT WARNING * * *
The wolf bites you!
* * * LOW HITPOINT WARNING * * *
😱 HP[-26]
You take 26 damage, and now have 10/79 hp.
MASSIVE DAMAGE!! (PAUSE)
Okay, then.
Aiming: Charm
Press: ? - help, Shift-Dir - straight line, f - wolf
Aim: a wolf (almost dead, chance to affect: 49%)
Okay, then.
You hit the wolf.
Space warps horribly around the wolf!
You kill the wolf!
Grum barely misses you. The wolf barely misses you. 😱 HP[+1]
Okay, then.
Okay, then.
You barely miss the wolf. The wolf bites you.
* * * LOW HITPOINT WARNING * * *
Grum closely misses you. The wolf barely misses you.
Grum hits you from afar with a +0 spear.
* * * LOW HITPOINT WARNING * * *
😱 HP[-8]
You take 8 damage, and now have 3/79 hp.
Aiming: Charm
Press: ? - help, Shift-Dir - straight line, f - wolf
Aim: a wolf (chance to affect: 49%)
The wolf resists with some effort.
The wolf bites you!
You die...

Skill      XL: |  1  2  3  4  5  6  7  8  9 |
---------------+----------------------------+-----
Fighting       | 1 2 3 4 5 6 7 |  7.6
Dodging        | 2 3 4 5 6 7 |  7.7
Unarmed Combat | 3 |  3.4
Shapeshifting  | 3 |  3.3
Staves         | 1 3 4 5 7 |  7.0

Action                     |  1- 3 |  4- 6 |  7- 9 || total
---------------------------+-------+-------+-------++-------
  Melee: Unarmed           |   174 |    56 |       ||   230
         Punch             |     2 |     1 |       ||     3
         Lajatang          |       |    84 |   252 ||   336
Ability: Begin Untransform |       |     1 |       ||     1
  Evoke: Wand              |       |       |     4 ||     4
    Use: Scroll            |       |    14 |    12 ||    26
         Potion            |       |     2 |     8 ||    10
   Stab: Sleeping          |     1 |     1 |       ||     2
 Armour: Animal skin       |    78 |    32 |       ||   110
         Leather armour    |       |    33 |   202 ||   235
         Skin              |       |     3 |    16 ||    19
  Dodge: Dodged            |    87 |    85 |   225 ||   397

Levels and vault maps discovered:
D:1:      minmay_arrival_arboretum_small, layout_loops_corners,
          minmay_door_square
D:2:      minmay_razor_zed, layout_loops_ring
D:3:      layout_basic, gammafunk_ghost_split,
          shapermc_ecumenical_altar_mp_ritualfount, uniq_crazy_yiuf_cottage,
          uniq_jessica, uniq_terence
D:4:      layout_loops_corners, mainiacjoe_overflow_cross_hatched, serial_shops,
          shop, kennysheep_orc_chapel
D:5:      layout_basic, minmay_temple_entry_gardened_gates, hex_large,
          grunt_decor_fettered, minmay_ogre_servants
D:6:      layout_layer_cave
D:7:      lemuel_ratsnest, layout_rooms
D:8:      layout_basic, uniq_pikel, uniq_grum
Temple:   nicolae_temple_bog_church

Notes
Turn   | Place    | Note
-------+----------+-------------------------------------------
     0 | D:1      | Zonian the Demigod Shapeshifter began the quest for the
                  | Orb.
     0 | D:1      | Reached XP level 1. HP: 15/15 MP: 3/3
     0 | D:1      | magus.rc [v1.9.6]
    79 | D:1      | Reached skill level 1 in Fighting
   130 | D:1      | Reached skill level 2 in Dodging
   281 | D:1      | Reached XP level 2. HP: 23/23 MP: 4/4
   413 | D:1      | Reached skill level 3 in Unarmed Combat
   860 | D:1      | Reached skill level 3 in Shapeshifting
  1035 | D:2      | Reached XP level 3. HP: 27/28 MP: 5/5
  1286 | D:2      | You pick up a book of Burglary and begin reading...
  1286 | D:2      | You add the spells Passwall, Ensorcelled Hibernation and
                  | Swiftness to your library.
  1528 | D:2      | HP: 5/29 [worm (10)]
  1766 | D:2      | Reached XP level 4. HP: 36/36 MP: 6/6
  1801 | D:2      | Reached skill level 2 in Fighting
  2536 | D:3      | Identified a scroll of acquirement
  2536 | D:3      | Acquired the +7 lajatang of the Smoking Fox {distort, Drain
                  | rF++ rN+}
  2556 | D:3      | Noticed Jessica
  2858 | D:3      | Killed Jessica
  2887 | D:3      | Reached XP level 5. HP: 42/42 MP: 7/7
  2957 | D:3      | Reached skill level 3 in Dodging
  2972 | D:3      | Found a runed translucent gate.
  2972 | D:3      | Found a runed translucent gate.
  2972 | D:3      | Found a runed translucent gate.
  3046 | D:3      | You add the spells Ignite Poison, Sticky Flame and Ignition
                  | to your library.
  3108 | D:3      | Reached skill level 1 in Staves
  3202 | D:3      | HP: 10/42 [gnoll/+0 halberd (8)]
  3207 | D:3      | Noticed Splishie's ghost (weakling GnSh)
  3249 | D:3      | Noticed Terence
  3420 | D:3      | Killed Terence
  3602 | D:3      | Found a runed translucent door.
  3603 | D:3      | Noticed Crazy Yiuf
  3747 | D:4      | Found Hennuy's Antique Weapon Shoppe.
  3751 | D:4      | magus.rc [v1.9.6]
  4173 | D:4      | Reached skill level 3 in Fighting
  4181 | D:4      | Reached XP level 6. HP: 36/51 MP: 8/8
  4198 | D:4      | Reached skill level 2 in Staves
  4881 | D:4      | Reached skill level 4 in Dodging
  4990 | D:4      | You pick up a book of Dreams and begin reading...
  4990 | D:4      | You add the spells Jinxbite and Anguish to your library.
  5276 | D:5      | Entered Level 5 of the Dungeon
  5516 | D:5      | Reached skill level 4 in Fighting
  5516 | D:5      | Reached skill level 3 in Staves
  5516 | D:5      | Reached XP level 7. HP: 59/59 MP: 9/9
  5884 | D:5      | Found a staircase to the Ecumenical Temple.
  5895 | Temple   | Entered the Ecumenical Temple
  5947 | D:5      | Reached skill level 4 in Staves
  5947 | D:5      | Reached skill level 5 in Dodging
  7226 | D:6      | Reached skill level 5 in Fighting
  7226 | D:6      | Reached XP level 8. HP: 40/68 MP: 10/10
  7768 | D:6      | Killed an unseen horror
  7774 | D:6      | Reached skill level 5 in Staves
  7929 | D:6      | Reached skill level 6 in Dodging
  8039 | D:6      | Reached skill level 6 in Fighting
  9421 | D:7      | Reached XP level 9. HP: 54/78 MP: 11/11
  9787 | D:7      | Reached skill level 6 in Staves
 10323 | D:7      | You add the spells Summon Forest, Eringya's Noxious Bog and
                  | Summon Hydra to your library.
 10369 | D:7      | Reached skill level 7 in Dodging
 10505 | D:7      | You pick up a book of Geomancy and begin reading...
 10505 | D:7      | You add the spells Sandblast, Stone Arrow and Brom's
                  | Barrelling Boulder to your library.
 10796 | D:7      | Reached skill level 7 in Fighting
 11023 | D:8      | Noticed Grum
 11104 | D:7      | HP: 19/79 [killer bee (2)]
 11109 | D:7      | HP: 16/79 [killer bee (5)]
 11116 | D:7      | HP: 19/79 [killer bee (3)]
 11119 | D:7      | HP: 5/79 [killer bee (5)]
 11402 | D:8      | Noticed Pikel
 11412 | D:7      | Banished Pikel
 11413 | D:7      | Reached skill level 7 in Staves
 11545 | D:8      | HP: 19/79 [Grum/+0 spear (17)]
 11547 | D:8      | HP: 8/79 [wolf[Grum] (3)]
 11547 | D:8      | HP: 3/79 [Grum/+0 spear (5)]
 11548 | D:8      | Slain by a wolf

Vanquished Creatures
  An unseen horror (D:6)
  A steam dragon (D:6)
  3 orc warriors
  2 ice beasts
  A sky beast (D:6)
  2 ogres
  A lemure (D:7)
  A wolf (D:8)
  3 centaurs
  A bullfrog (D:7)
  A gnoll sergeant (D:7)
  7 scorpions
  5 killer bees
  A gnoll bouda (D:7)
  7 orc priests
  2 hounds
  Jessica (D:3)
  A sleepcap (D:7)
  Terence (D:3)
  5 orc wizards
  4 iguanas
  A hell rat (D:7)
  13 gnolls
  4 river rats (D:7)
  10 adders
  A shadow imp (D:7)
  2 ufetubi (D:6)
  4 worms
  2 dart slugs
  25 orcs
  7 ball pythons
  6 bats
  11 endoplasms
  4 giant cockroaches
  15 goblins
  5 hobgoblins
  12 jackals
  12 quokkas
  7 frilled lizards
  5 kobolds
  18 rats
215 creatures vanquished.

Vanquished Creatures (others)
  A river rat (D:7)
1 creature vanquished.

Grand Total: 216 creatures vanquished

Table legend:
 A = Non-vault XP
 B = Vault XP
 C = Vault XP percentage of total XP
 D = Non-vault monster count
 E = Vault monster count
 F = Vault count percentage of total count
                 A         B        C        D         E       F
            +---------+---------+-------+---------+---------+-------
      Total |    4173 |    1416 |  25.3 |     162 |      58 |  26.4
            +---------+---------+-------+---------+---------+-------
        D:1 |      45 |       0 |   0.0 |      27 |       0 |   0.0
        D:2 |      74 |      51 |  40.8 |      26 |      14 |  35.0
        D:3 |      79 |      73 |  48.0 |      14 |       2 |  12.5
        D:4 |     366 |      49 |  11.8 |      20 |       3 |  13.0
        D:5 |     787 |     131 |  14.3 |      13 |       9 |  40.9
        D:6 |    1570 |       0 |   0.0 |      34 |       0 |   0.0
        D:7 |    1191 |    1001 |  45.7 |      27 |      29 |  51.8
        D:8 |      61 |     111 |  64.5 |       1 |       1 |  50.0
            +---------+---------+-------+---------+---------+-------

Skill      XL: |  1  2  3  4  5  6  7  8  9 |
---------------+----------------------------+-----
Fighting       | 1 2 3 4 5 6 7 |  7.6
Dodging        | 2 3 4 5 6 7 |  7.7
Unarmed Combat | 3 |  3.4
Shapeshifting  | 3 |  3.3
Staves         | 1 3 4 5 7 |  7.0

Action                     |  1- 3 |  4- 6 |  7- 9 || total
---------------------------+-------+-------+-------++-------
  Melee: Unarmed           |   174 |    56 |       ||   230
         Punch             |     2 |     1 |       ||     3
         Lajatang          |       |    84 |   252 ||   336
Ability: Begin Untransform |       |     1 |       ||     1
  Evoke: Wand              |       |       |     4 ||     4
    Use: Scroll            |       |    14 |    12 ||    26
         Potion            |       |     2 |     8 ||    10
   Stab: Sleeping          |     1 |     1 |       ||     2
 Armour: Animal skin       |    78 |    32 |       ||   110
         Leather armour    |       |    33 |   202 ||   235
         Skin              |       |     3 |    16 ||    19
  Dodge: Dodged            |    87 |    85 |   225 ||   397

Illustrated notes

Table legend:
 A = Kills in this place as a percentage of kills in the entire game.
 B = Kills by you in this place as a percentage of kills by you in the entire game.
 C = Kills by friends in this place as a percentage of kills by friends in the entire game.
 D = Other kills in this place as a percentage of other kills in the entire game.
 E = Experience gained in this place as a percentage of experience gained in the entire game.
 F = Experience gained in this place divided by the number of levels of this place that you have seen.
                   A       B       C       D       E      F
               +-------+-------+-------+-------+-------+----------------------
         Total | 100.0 | 100.0 |   N/A | 100.0 | 100.0 | 621.0
       Dungeon | 100.0 | 100.0 |   N/A | 100.0 | 100.0 | 698.6
               +-------+-------+-------+-------+-------+----------------------

Table legend: (Time is in decaauts)
 A = Elapsed time spent in this place.
 B = Non-inter-level travel time spent in this place.
 C = Inter-level travel time spent in this place.
 D = Time resting spent in this place.
 E = Time spent auto-exploring this place.
 F = Levels seen in this place.
 G = Mean time per level.
                   A        B        C        D        E       F      G
               +--------+--------+--------+--------+--------+-----+--------+
         Total |  11595 |  11224 |    371 |   3124 |   6309 |   9 | 1288.3 |
       Dungeon |  11593 |  11223 |    370 |   3124 |   6309 |   8 | 1449.1 |
        Temple |      1 |      0 |      1 |      0 |      0 |   1 |    1.0 |
               +--------+--------+--------+--------+--------+-----+--------+

Top non-repeatable levels by time:
     D:6: 2259 daAuts
     D:7: 2102 daAuts
     D:5: 1858 daAuts
     D:4: 1548 daAuts
     D:2: 1488 daAuts
     D:3: 1226 daAuts
     D:1: 1024 daAuts
     D:8: 85 daAuts
  Temple: 1 daAuts
